 Dungeon Crawl Stone Soup version 0.29-a0-330-g52719c12eb (webtiles) character file.

Game seed: 10223968599336521311

1221 Crownlay the Chiller (level 8, -16/58 HPs)
             Began as a Gnoll Ice Elementalist on May 6, 2022.
             Demolished by a boulder beetle (22 damage)
             ... on level 6 of the Dungeon on May 7, 2022.
             The game lasted 00:17:03 (6333 turns).

Crownlay the Chiller (Gnoll Ice Elementalist)       Turns: 6333, Time: 00:17:04

Health: -16/58     AC: 10    Str:  8    XL:     8   Next: 47%
Magic:  12/17      EV: 14    Int: 16    God:
Gold:   267        SH:  0    Dex: 13    Spells: 12/19 levels left

rFire   . . .      SeeInvis .   k - +1 war axe (elec)
rCold   . . .      Faith    .   (no shield)
rNeg    . . .      Spirit   .   a - +0 robe
rPois   .          Reflect  .   (no helmet)
rElec   .          Harm     .   (no cloak)
rCorr   .          Rampage  .   n - +0 pair of gloves
Will    .....                   (no boots)
Stlth   +++.......              (no amulet)
HPRegen 0.19/turn               (no ring)
MPRegen 0.15/turn               (no ring)

@: ice-armoured, freezing walls
A: fangs 1, strong nose, distributed training
a: no special abilities


You were on level 6 of the Dungeon.
You visited 1 branch of the dungeon, and saw 6 of its levels.

You collected 267 gold pieces.


Innate Abilities, Weirdness & Mutations

You have very sharp teeth.
Your uncanny sense of smell can sniff out nearby items.
Your experience applies equally to all skills.


   Skills:
 + Level 3.3 Fighting
 + Level 3.3 Short Blades
 + Level 3.3 Long Blades
 + Level 3.3 Axes
 + Level 3.3 Maces & Flails
 + Level 3.3 Polearms
 + Level 3.3 Staves
 + Level 3.3 Slings
 + Level 3.3 Bows
 + Level 3.3 Crossbows
 + Level 3.3 Throwing
 + Level 3.3 Armour
 + Level 5.7 Dodging
 + Level 5.4 Stealth
 + Level 3.3 Shields
 + Level 3.3 Unarmed Combat
 + Level 6.0 Spellcasting
 + Level 2.6 Conjurations
 + Level 2.6 Hexes
 + Level 2.6 Summonings
 + Level 2.6 Necromancy
 + Level 2.6 Translocations
 + Level 2.6 Transmutations
 + Level 2.6 Fire Magic
 + Level 7.6 Ice Magic
 + Level 2.6 Air Magic
 + Level 2.6 Earth Magic
 + Level 2.6 Poison Magic
 + Level 3.6 Invocations
 + Level 3.3 Evocations


You had 12 spell levels left.
You knew the following spells:

 Your Spells              Type           Power      Damage    Failure   Level
f - Freeze                Ice            100%       1d11      1%          1
o - Ozocubu's Armour      Ice            29%        N/A       1%          3
r - Frozen Ramparts       Ice            58%        1d7       1%          3

Your spell library contained the following spells:

 Spells                   Type           Power      Damage    Failure   Level
 Apportation              Tloc           26%        N/A       4%          1
 Hailstorm                Conj/Ice       21%        3d6       16%         4
 Alistair's Intoxication  Tmut/Pois      8%         N/A       77%         5

Inventory:

Hand Weapons
 k - a +1 war axe of electrocution (weapon)
   (You took it off an orc on level 4 of the Dungeon)
Missiles
 i - 234 stones
 t - 9 poisoned darts
 y - a throwing net {=f!f}
 G - 5 curare-tipped darts {=f}
Armour
 a - a +0 robe (worn)
 n - a +0 pair of gloves (worn)
   (You found it on level 1 of the Dungeon)
Wands
 x - a wand of iceblast (10)
   (You took it off Ijyb on level 4 of the Dungeon)
Scrolls
 c - 2 scrolls of enchant weapon {unknown}
 h - a scroll of silence {unknown}
 j - a scroll of holy word {unknown}
 m - 2 scrolls of teleportation {unknown}
 p - 2 scrolls of blinking {unknown}
 s - a scroll of fear
 u - 2 scrolls of enchant armour {unknown}
 w - a scroll of brand weapon
 E - 2 scrolls of amnesia
Potions
 b - 2 potions of magic
 e - a potion of invisibility {unknown}
 f - a potion of brilliance {unknown}
 g - 2 potions of ambrosia {unknown}
 l - a potion of flight {unknown}
 o - a potion of experience {unknown}
 q - a potion of might {unknown}
 r - 2 potions of curing {unknown}
 v - 4 potions of attraction {unknown}
 z - a potion of haste {unknown}
 A - a potion of lignification {unknown}
 C - a potion of degeneration {unknown}
 D - a potion of resistance {unknown}
 F - a potion of heal wounds {unknown}

Dungeon Overview and Level Annotations

Branches:
Dungeon (6/15)
 Temple: D:4-7

Altars:

Annotations:
D:6 Menkaure

#).## .#
#..# #..#
#..####...#
##.....#
#...###
##...#
#....##
#..###.##
....# ##@#
#... ##B#
#... #.. ..
)M.# .J#
...# ....
....


You could see a boulder beetle (very poisoned), Menkaure and a jelly.


Message History

A bullfrog comes into view.
Your icy armour and frozen ramparts will break if you move.
Continue?
Okay, then.
MP[+1] HP[+1]
Your icy armour and frozen ramparts will break if you move.
Continue? [Y]es or [N]o only, please.
Your icy armour and frozen ramparts will break if you move.
Continue?
Okay, then.
The bullfrog croaks.
The frozen ramparts melt away.
You hit the bullfrog.
You bite the bullfrog, but do no damage.
The bullfrog hits you but does no damage. x2
HP[+1]
Your hp is fully restored (58).
You hit the bullfrog but do no damage. You bite the bullfrog.
The bullfrog misses you. x2
MP[+1]
You closely miss the bullfrog. The bullfrog closely misses you.
The bullfrog hits you but does no damage.
You closely miss the bullfrog. Your bite misses the bullfrog.
The bullfrog hits you but does no damage. x2
You slash the bullfrog!
The bullfrog hits you but does no damage.
The bullfrog closely misses you.
You slash the bullfrog! The bullfrog closely misses you.
The bullfrog hits you but does no damage.
You slash the bullfrog! Lightning courses through the bullfrog!
You kill the bullfrog!
MP[+1] No target in view!
Your icy armour cracks and falls away as you move.
You now have 267 gold pieces (gained 15).
You see here a hound corpse.
v - 4 viscous emerald potions (gained 2)
You see here a +0 flail.
A boulder beetle comes into view.
MP[+3]
Your mp is fully restored (17).
What are your orders? t - Bark!
Orders for allies: a - Attack new target. r - Retreat! s - Stop attacking. g - Guard the area. f - Follow me.
Anything else - Cancel.
You bark for attention!
You hear a shout! x2
Casting: Ozocubu's Armour (safe; 1% risk of failure)
Confirm with . or Enter, or press ? or * to list all spells.
A film of ice covers your body!
An orc comes into view. It is wielding a +0 dagger of venom.
Menkaure, Prince of Dust comes into view.
MP[-3]
You lost 3 mp, and now have 14/17 mp.
Casting: Ozocubu's Armour (safe; 1% risk of failure)
Confirm with . or Enter, or press ? or * to list all spells.
Casting: Frozen Ramparts (safe; 1% risk of failure)
Press: ? - help, Dir - look around, f - activate The walls around you are covered in ice.
The boulder beetle leaps!
MP[-3]
You lost 3 mp, and now have 11/17 mp.
A jelly comes into view.
Throw: 11 darts (poison)
Press: ? - help, Shift-Dir - straight line, f - boulder beetle
Aim: a boulder beetle (89% to hit)
You throw a poisoned dart.
The poisoned dart hits the boulder beetle.
The boulder beetle is poisoned.
The jelly quivers.
Throw: 10 darts (poison)
Press: ? - help, Shift-Dir - straight line, f/p - boulder beetle
Aim: a boulder beetle (lightly wounded, poisoned, 89% to hit)
You throw a poisoned dart.
The poisoned dart hits the boulder beetle!
The boulder beetle looks even sicker.
The wall freezes the orc!
You kill the orc!
The wall freezes the boulder beetle.
Menkaure calls on the powers of darkness!
The jelly convulses!
The boulder beetle convulses!
Your body is wracked with pain!
HP[-28]
You take 28 damage, and now have 30/58 hp.
MASSIVE DAMAGE!! (PAUSE)
You hit the boulder beetle but do no damage.
The wall freezes the boulder beetle.
The boulder beetle bites you!!
* * * LOW HITPOINT WARNING * * *
HP[-24] MP[+1]
You take 24 damage, and now have 6/58 hp.
MASSIVE DAMAGE!! (PAUSE) Unknown command.
Unknown command.
Unknown command.
Unknown command.
Unknown command.
You hit the boulder beetle but do no damage.
You bite the boulder beetle, but do no damage.
The wall freezes the boulder beetle!
The boulder beetle bites you!!
You die...

Skill      XL: |  1  2  3  4  5  6  7  8 |
---------------+-------------------------+-----
Spellcasting   | 5 6 |  6.0
Invocations    | 1 2 3 |  3.6
Fighting       | 1 2 3 |  3.3
Short Blades   | 1 2 3 |  3.3
Long Blades    | 1 2 3 |  3.3
Axes           | 1 2 3 |  3.3
Maces & Flails | 1 2 3 |  3.3
Polearms       | 1 2 3 |  3.3
Staves         | 1 2 3 |  3.3
Slings         | 1 2 3 |  3.3
Bows           | 1 2 3 |  3.3
Crossbows      | 1 2 3 |  3.3
Throwing       | 1 2 3 |  3.3
Armour         | 1 2 3 |  3.3
Shields        | 1 2 3 |  3.3
Unarmed Combat | 1 2 3 |  3.3
Evocations     | 1 2 3 |  3.3
Conjurations   | 1 2 |  2.6
Hexes          | 1 2 |  2.6
Summonings     | 1 2 |  2.6
Necromancy     | 1 2 |  2.6
Translocations | 1 2 |  2.6
Transmutations | 1 2 |  2.6
Fire Magic     | 1 2 |  2.6
Air Magic      | 1 2 |  2.6
Earth Magic    | 1 2 |  2.6
Poison Magic   | 1 2 |  2.6
Dodging        | 5 |  5.7
Stealth        | 5 |  5.4
Ice Magic      | |  7.6

Action                   |  1- 3 |  4- 6 |  7- 9 || total
-------------------------+-------+-------+-------++-------
Melee: Unarmed           |    13 |       |       ||    13
       Bite              |     3 |     5 |    10 ||    18
       Club              |    19 |    17 |       ||    36
       War axe           |       |    45 |    57 ||   102
Throw: Dart              |       |       |     2 ||     2
 Cast: Freeze            |    52 |    30 |       ||    82
       Frozen Ramparts   |       |    10 |     7 ||    17
       Ozocubu's Armour  |       |     9 |     5 ||    14
  Use: Scroll            |       |     3 |     2 ||     5
 Stab: Sleeping          |     1 |     3 |     4 ||     8
Armor: Robe              |    21 |    19 |    24 ||    64
Dodge: Dodged            |    69 |    74 |    41 ||   184

Levels and vault maps discovered:
D:1:      minmay_arrival_nine_rooms, layout_loops_ring,
          hellmonk_ecumenical_altar_lost_god, corexii_hall_statues_s
D:2:      minmay_razor_zed, layout_basic, item_on_display_a
D:3:      layout_basic
D:4:      nicolae_BIG_FREAKIN_CUBE, layout_loops_ring, uniq_ijyb, uniq_natasha
D:5:      layout_rooms, minmay_fractal_squares_gapless_5
D:6:      layout_layer_cave, zin_scriptorium, roderic_three_in_a_row,
          uniq_grinder, uniq_menkaure

Notes
Turn   | Place    | Note
-------+----------+-------------------------------------------
     0 | D:1      | Crownlay the Gnoll Ice Elementalist began the quest for the
                  | Orb.
     0 | D:1      | Reached XP level 1. HP: 13/13 MP: 6/6
     0 | D:1      | magus.rc [v1.11.3]
   227 | D:1      | Reached XP level 2. HP: 7/19 MP: 1/7
   516 | D:1      | magus.rc [v1.11.3]
   516 | D:1      | magus.rc [v1.11.3]
   527 | D:1      | magus.rc [v1.11.3]
   554 | D:1      | Found a faded altar of an unknown god.
   692 | D:1      | magus.rc [v1.11.3]
   692 | D:1      | magus.rc [v1.11.3]
   692 | D:1      | magus.rc [v1.11.3]
   724 | D:1      | magus.rc [v1.11.3]
   724 | D:1      | magus.rc [v1.11.3]
   766 | D:1      | magus.rc [v1.11.3]
   790 | D:1      | magus.rc [v1.11.3]
  1205 | D:2      | Reached skill level 5 in Spellcasting
  1205 | D:2      | Reached XP level 3. HP: 21/25 MP: 1/9
  1455 | D:2      | Reached skill level 1 in Invocations
  1754 | D:2      | magus.rc [v1.11.3]
  1755 | D:2      | magus.rc [v1.11.3]
  1880 | D:2      | magus.rc [v1.11.3]
  1880 | D:2      | magus.rc [v1.11.3]
  1880 | D:2      | magus.rc [v1.11.3]
  1880 | D:2      | magus.rc [v1.11.3]
  1880 | D:2      | magus.rc [v1.11.3]
  1980 | D:2      | magus.rc [v1.11.3]
  1980 | D:2      | magus.rc [v1.11.3]
  1980 | D:2      | magus.rc [v1.11.3]
  1980 | D:2      | magus.rc [v1.11.3]
  1980 | D:2      | magus.rc [v1.11.3]
  1980 | D:2      | magus.rc [v1.11.3]
  1980 | D:2      | magus.rc [v1.11.3]
  1980 | D:2      | magus.rc [v1.11.3]
  1980 | D:2      | magus.rc [v1.11.3]
  1980 | D:2      | magus.rc [v1.11.3]
  1980 | D:2      | magus.rc [v1.11.3]
  1980 | D:2      | magus.rc [v1.11.3]
  1980 | D:2      | magus.rc [v1.11.3]
  2022 | D:2      | magus.rc [v1.11.3]
  2022 | D:2      | magus.rc [v1.11.3]
  2022 | D:2      | magus.rc [v1.11.3]
  2022 | D:2      | magus.rc [v1.11.3]
  2177 | D:2      | Reached skill level 1 in Fighting
  2177 | D:2      | Reached skill level 1 in Short Blades
  2177 | D:2      | Reached skill level 1 in Long Blades
  2177 | D:2      | Reached skill level 1 in Axes
  2177 | D:2      | Reached skill level 1 in Maces & Flails
  2177 | D:2      | Reached skill level 1 in Polearms
  2177 | D:2      | Reached skill level 1 in Staves
  2177 | D:2      | Reached skill level 1 in Slings
  2177 | D:2      | Reached skill level 1 in Bows
  2177 | D:2      | Reached skill level 1 in Crossbows
  2177 | D:2      | Reached skill level 1 in Throwing
  2177 | D:2      | Reached skill level 1 in Armour
  2177 | D:2      | Reached skill level 1 in Shields
  2177 | D:2      | Reached skill level 1 in Unarmed Combat
  2177 | D:2      | Reached skill level 1 in Evocations
  2241 | D:2      | Reached XP level 4. HP: 32/32 MP: 3/11
  2751 | D:3      | Learned a level 3 spell: Frozen Ramparts
  2755 | D:3      | Learned a level 3 spell: Ozocubu's Armour
  3367 | D:3      | Reached skill level 1 in Conjurations
  3367 | D:3      | Reached skill level 1 in Hexes
  3367 | D:3      | Reached skill level 1 in Summonings
  3367 | D:3      | Reached skill level 1 in Necromancy
  3367 | D:3      | Reached skill level 1 in Translocations
  3367 | D:3      | Reached skill level 1 in Transmutations
  3367 | D:3      | Reached skill level 1 in Fire Magic
  3367 | D:3      | Reached skill level 1 in Air Magic
  3367 | D:3      | Reached skill level 1 in Earth Magic
  3367 | D:3      | Reached skill level 1 in Poison Magic
  3516 | D:3      | Reached XP level 5. HP: 28/37 MP: 5/12
  3957 | D:4      | Noticed Natasha
  3961 | D:4      | Killed Natasha
  3965 | D:4      | Noticed Natasha
  3977 | D:4      | Killed Natasha
  4064 | D:4      | Noticed Natasha
  4071 | D:4      | Killed Natasha
  4072 | D:4      | Reached skill level 2 in Invocations
  4072 | D:4      | Reached XP level 6. HP: 41/44 MP: 6/13
  4350 | D:4      | You pick up a book of Party Tricks and begin reading...
  4350 | D:4      | You add the spells Apportation and Alistair's Intoxication
                  | to your library.
  4569 | D:4      | Noticed Ijyb
  4577 | D:4      | Killed Ijyb
  4578 | D:4      | Reached skill level 5 in Dodging
  4914 | D:5      | Entered Level 5 of the Dungeon
  4924 | D:5      | Reached skill level 2 in Fighting
  4924 | D:5      | Reached skill level 2 in Short Blades
  4924 | D:5      | Reached skill level 2 in Long Blades
  4924 | D:5      | Reached skill level 2 in Axes
  4924 | D:5      | Reached skill level 2 in Maces & Flails
  4924 | D:5      | Reached skill level 2 in Polearms
  4924 | D:5      | Reached skill level 2 in Staves
  4924 | D:5      | Reached skill level 2 in Slings
  4924 | D:5      | Reached skill level 2 in Bows
  4924 | D:5      | Reached skill level 2 in Crossbows
  4924 | D:5      | Reached skill level 2 in Throwing
  4924 | D:5      | Reached skill level 2 in Armour
  4924 | D:5      | Reached skill level 2 in Shields
  4924 | D:5      | Reached skill level 2 in Unarmed Combat
  4924 | D:5      | Reached skill level 2 in Evocations
  4955 | D:5      | Noticed a black bear
  4963 | D:5      | Killed a black bear
  4964 | D:5      | Reached XP level 7. HP: 36/50 MP: 8/15
  4974 | D:5      | HP: 12/51 [gnoll/+0 spear (3)]
  5255 | D:5      | Reached skill level 2 in Conjurations
  5255 | D:5      | Reached skill level 2 in Hexes
  5255 | D:5      | Reached skill level 2 in Summonings
  5255 | D:5      | Reached skill level 2 in Necromancy
  5255 | D:5      | Reached skill level 2 in Translocations
  5255 | D:5      | Reached skill level 2 in Transmutations
  5255 | D:5      | Reached skill level 2 in Fire Magic
  5255 | D:5      | Reached skill level 2 in Air Magic
  5255 | D:5      | Reached skill level 2 in Earth Magic
  5255 | D:5      | Reached skill level 2 in Poison Magic
  5360 | D:5      | Reached skill level 5 in Stealth
  5363 | D:5      | Reached skill level 3 in Invocations
  5602 | D:5      | Reached XP level 8. HP: 43/57 MP: 16/16
  5844 | D:5      | Reached skill level 3 in Fighting
  5844 | D:5      | Reached skill level 3 in Short Blades
  5844 | D:5      | Reached skill level 3 in Long Blades
  5844 | D:5      | Reached skill level 3 in Axes
  5844 | D:5      | Reached skill level 3 in Maces & Flails
  5844 | D:5      | Reached skill level 3 in Polearms
  5844 | D:5      | Reached skill level 3 in Staves
  5844 | D:5      | Reached skill level 3 in Slings
  5844 | D:5      | Reached skill level 3 in Bows
  5844 | D:5      | Reached skill level 3 in Crossbows
  5844 | D:5      | Reached skill level 3 in Throwing
  5844 | D:5      | Reached skill level 3 in Armour
  5844 | D:5      | Reached skill level 3 in Shields
  5844 | D:5      | Reached skill level 3 in Unarmed Combat
  5844 | D:5      | Reached skill level 3 in Evocations
  6039 | D:5      | Reached skill level 6 in Spellcasting
  6324 | D:6      | Noticed a boulder beetle
  6326 | D:6      | Noticed Menkaure
  6332 | D:6      | HP: 6/58 [boulder beetle (25)]
  6333 | D:6      | Demolished by a boulder beetle

Vanquished Creatures
  A water moccasin (D:5)
  A sky beast (D:5)
  2 black bears (D:5)
  A bullfrog (D:6)
  A necrophage (D:5)
  3 scorpions (D:5)
  A howler monkey (D:5)
  A hound (D:6)
  2 jellies (D:4)
  A gnoll shaman (D:5)
  An iguana (D:5)
  Natasha (thrice) (D:4)
  Ijyb (D:4)
  7 gnolls (D:5)
  7 adders
  A white imp (D:5)
  An ufetubus (D:4)
  4 worms
  A dart slug (D:3)
  14 orcs
  10 bats
  4 endoplasms
  6 giant cockroaches
  9 hobgoblins
  7 kobolds
  2 quokkas
  5 ball pythons
  5 frilled lizards
  10 goblins
  3 rats
115 creatures vanquished.

Table legend:
 A = Non-vault XP
 B = Vault XP
 C = Vault XP percentage of total XP
 D = Non-vault monster count
 E = Vault monster count
 F = Vault count percentage of total count
                 A         B        C        D         E       F
            +---------+---------+-------+---------+---------+-------
      Total |    1410 |     335 |  19.2 |      98 |      17 |  14.8
            +---------+---------+-------+---------+---------+-------
        D:1 |      21 |       0 |   0.0 |      15 |       0 |   0.0
        D:2 |      47 |      25 |  34.7 |      19 |      10 |  34.5
        D:3 |      72 |       0 |   0.0 |      22 |       0 |   0.0
        D:4 |     198 |      71 |  26.4 |      19 |       2 |   9.5
        D:5 |     917 |     239 |  20.7 |      19 |       5 |  20.8
        D:6 |     155 |       0 |   0.0 |       4 |       0 |   0.0
            +---------+---------+-------+---------+---------+-------

Illustrated notes

Table legend:
 A = Kills in this place as a percentage of kills in entire the game.
 B = Kills by you in this place as a percentage of kills by you in the entire game.
 C = Kills by friends in this place as a percentage of kills by friends in the entire game.
 D = Other kills in this place as a percentage of other kills in the entire game.
 E = Experience gained in this place as a percentage of experience gained in the entire game.
 F = Experience gained in this place divided by the number of levels of this place that you have seen.
                   A       B       C       D       E      F
               +-------+-------+-------+-------+-------+----------------------
         Total | 100.0 | 100.0 |   N/A |   N/A | 100.0 | 290.8
       Dungeon | 100.0 | 100.0 |   N/A |   N/A | 100.0 | 290.8
               +-------+-------+-------+-------+-------+----------------------

Table legend: (Time is in decaauts)
 A = Elapsed time spent in this place.
 B = Non-inter-level travel time spent in this place.
 C = Inter-level travel time spent in this place.
 D = Time resting spent in this place.
 E = Time spent auto-exploring this place.
 F = Levels seen in this place.
 G = Mean time per level.
                   A        B        C        D        E       F      G
               +--------+--------+--------+--------+--------+-----+--------+
         Total |   6378 |   6154 |    224 |    300 |   4847 |   6 | 1063.0 |
       Dungeon |   6378 |   6154 |    224 |    300 |   4847 |   6 | 1063.0 |
               +--------+--------+--------+--------+--------+-----+--------+

Top non-repeatable levels by time:
     D:2: 1555 daAuts
     D:5: 1371 daAuts
     D:4: 1248 daAuts
     D:1: 1168 daAuts
     D:3: 966 daAuts
     D:6: 68 daAuts
